 Seeded DCSS version 0.29-a0-1047-g7c58e119a4 (webtiles) character file.

Game seed: 20220816 (custom seed)

74 flotson the Sneak (level 4, -4/35 HPs)
             Began as a Demonspawn Delver on Aug 16, 2022.
             Slain by an orc
             ... wielding a +0 flail
              (5 damage)
             ... on level 2 of the Dungeon.
             The game lasted 00:02:13 (1217 turns).

flotson the Sneak (Demonspawn Delver)               Turns: 1217, Time: 00:02:13

Health: -4/35      AC:  5    Str: 14    XL:     4   Next: 10%
Magic:  4/4        EV: 12    Int: 11    God:
Gold:   64         SH:  0    Dex: 15    Spells: 3/3 levels left

rFire   . . .      SeeInvis .   a - +0 hand axe
rCold   . . .      Faith    .   (no shield)
rNeg    + . .      Spirit   .   b - +0 leather armour
rPois   .          Reflect  .   (no helmet)
rElec   .          Harm     .   (no cloak)
rCorr   .          Rampage  .   (no gloves)
Will    .....                   (no boots)
Stlth   +++.......              (no amulet)
HPRegen 0.11/turn               d - ring of positive energy
MPRegen 0.09/turn               (no ring)

@: no status effects
A: thin metallic scales 1
a: no special abilities


You were on level 2 of the Dungeon.
You visited 1 branch of the dungeon, and saw 4 of its levels.

You collected 64 gold pieces.

Inventory:

Hand Weapons
 a - a +0 hand axe (weapon)
Missiles
 f - 2 boomerangs (quivered)
Armour
 b - a +0 leather armour (worn)
Jewellery
 d - a ring of positive energy (left hand)
Wands
 g - a wand of digging (3)
Scrolls
 c - a scroll of fog
 e - 2 scrolls of fear
Potions
 h - a potion of might {unknown}


   Skills:
 + Level 3.4 Fighting
 + Level 2.3 Axes
 + Level 0.4 Throwing
 + Level 0.3 Armour
 + Level 2.3 Dodging
 + Level 4.9 Stealth
 + Level 0.7 Evocations


You had 3 spell levels left.
You didn't know any spells.
Your spell library was empty.

Dungeon Overview and Level Annotations

Branches:
Dungeon (5/15)
 Temple: D:4-7

Altars:

Shops:
D:5 =[

Annotations:
D:4 Blork the orc
D:5 Pikel


Innate Abilities, Weirdness & Mutations

You are partially covered in thin metallic scales. (AC +2)


Message History

You hit the orc. The orc hits you with a +0 flail. The dart slug bites you.
The orc barely misses you.
You hit the dart slug.
You kill the dart slug!
You hit the orc. You closely miss the adder. The adder closely misses you.
The orc misses you.
An orc comes into view. It is wielding a +0 war axe.
You closely miss the orc.
The orc is heavily wounded.
The orc shouts!
You hit the adder. The adder bites you but does no damage.
The orc hits you with a +0 flail. The adder bites you but does no damage.
You hit the orc but do no damage.
The orc is heavily wounded.
You closely miss the orc. You hit the orc but do no damage. You hit the adder.
The orc barely misses you. The orc hits you with a +0 flail!
The orc barely misses you. The adder bites you but does no damage.
You completely miss the orc.
The orc is heavily wounded.
You closely miss the adder. You closely miss the orc. You barely miss the orc.
The adder closely misses you. The orc hits you with a +0 flail.
The orc barely misses you. x2; The adder bites you but does no damage.
You are too injured to fight recklessly!
You are too injured to fight recklessly!
Found a metallic cyan potion.
The adder misses you.
There is a stone staircase leading up here.
The orc barely misses you. The orc closely misses you.
The adder closely misses you.
You climb upwards.
Found 11 stones and a club.
Found a stone staircase leading up.
There is a stone staircase leading down here.
Found a scroll labelled WOCRIPN NUZE.
The adder bites you. The orc hits you with a +0 flail.
* * * LOW HITPOINT WARNING * * *
The orc hits you with a +0 flail!
* * * LOW HITPOINT WARNING * * *
There is a stone staircase leading up, spattered with blood here.
The adder misses you. The orc closely misses you.
The orc hits you with a +0 flail.
You die...

# ##.###########
.......(...).###
#w...........S..
#......So......?
.b.....>@.......
#######o........
...b.#.....
.......# ....
....(..#.# ...
.......... ..
.........## .
.......b..


You could see a worm (asleep), an adder, 2 orcs, 2 bats and a ball python
(asleep).

Vanquished Creatures
  A hound (D:5)
  Natasha (D:3)
  A dart slug (D:3)
  5 orcs (D:4)
  2 endoplasms (D:3)
  A giant cockroach (D:4)
  A quokka (D:4)
  A kobold (D:4)
  2 rats (D:3)
15 creatures vanquished.

Notes
Turn   | Place    | Note
-------+----------+-------------------------------------------
     0 | D:5      | flotson the Demonspawn Delver began the quest for the Orb.
     0 | D:5      | Reached XP level 1. HP: 18/18 MP: 1/1
    39 | D:5      | Found Ucoturch's Armour Shop.
    51 | D:5      | Noticed a hound
    63 | D:5      | Killed a hound
    64 | D:5      | Gained mutation: You are partially covered in thin metallic
                  | scales. (AC +2) [demonic ancestry]
    64 | D:5      | Reached XP level 2. HP: 20/24 MP: 2/2
    64 | D:5      | Found Ycur's Jewellery Shoppe.
    72 | D:5      | Noticed a lemure
    73 | D:5      | Noticed a lemure
    73 | D:5      | Noticed a lemure
    73 | D:5      | Noticed Pikel
    87 | D:4      | Reached XP level 3. HP: 17/29 MP: 3/3
   575 | D:4      | Noticed Blork the orc
   919 | D:4      | Noticed a kobold brigand
   987 | D:3      | Found a faded altar of an unknown god.
  1042 | D:3      | Noticed Natasha
  1058 | D:3      | Killed Natasha
  1059 | D:3      | Reached XP level 4. HP: 21/35 MP: 4/4
  1216 | D:2      | HP: 1/35 [orc/+0 flail (7)]
  1217 | D:2      | Slain by an orc

Illustrated notes

Levels and vault maps discovered:
D:2:      layout_basic, chequers_decorated_corner, uniq_jessica,
          uniq_crazy_yiuf_cottage, uniq_terence, uniq_sigmund
D:3:      layout_loops_ring, hellmonk_ecumenical_altar_pennies_from_heaven,
          uniq_natasha
D:4:      layout_basic, uniq_blork_the_orc
D:5:      layout_layer_cave, serial_shops, nicolae_diamond_shop, shop,
          nicolae_diamond_shop, shop, shop_statue, uniq_edmund, uniq_pikel,
          uniq_menkaure, uniq_grinder

Skill      XL: |  1 |
---------------+----+-----
Axes           | 2 |  2.3
Dodging        | 2 |  2.3
Fighting       | |  3.4
Throwing       | |  0.4
Armour         | |  0.3
Stealth        | |  4.9
Evocations     | |  0.7

Action                   |  1- 3 |  4- 6 || total
-------------------------+-------+-------++-------
Melee: Hand axe          |    82 |     6 ||    88
  Use: Potion            |     1 |       ||     1
       Scroll            |     1 |       ||     1
Armor: Leather armour    |    28 |     4 ||    32
Dodge: Dodged            |    57 |    16 ||    73

Table legend: (Time is in decaauts)
 A = Elapsed time spent in this place.
 B = Non-inter-level travel time spent in this place.
 C = Inter-level travel time spent in this place.
 D = Time resting spent in this place.
 E = Time spent auto-exploring this place.
 F = Levels seen in this place.
 G = Mean time per level.
                   A        B        C        D        E       F      G
               +--------+--------+--------+--------+--------+-----+--------+
         Total |   1220 |   1195 |     25 |      0 |    911 |   4 |  305.0 |
       Dungeon |   1220 |   1195 |     25 |      0 |    911 |   4 |  305.0 |
               +--------+--------+--------+--------+--------+-----+--------+

Top non-repeatable levels by time:
     D:4: 845 daAuts
     D:3: 303 daAuts
     D:5: 69 daAuts
     D:2: 1 daAuts
